 Dungeon Crawl Stone Soup version 0.22-a0-322-g60b3cfd (webtiles) character file.

53 Kairos the Covered (level 3, 0/30 HPs)
             Began as a Barachi Fighter on Apr 5, 2018.
             Succumbed to an adder's poison
             ... on level 2 of the Dungeon.
             The game lasted 00:01:06 (402 turns).

Kairos the Covered (Barachi Fighter)                 Turns: 402, Time: 00:01:07

Health: 0/30       AC:  7    Str: 17    XL:     3   Next: 89%
Magic:  3/3        EV:  7    Int:  8    God:
Gold:   0          SH:  9    Dex: 12    Spells: 2/2 levels left

rFire    + . .     SeeInvis .   a - +0 long sword
rCold    + . .     Gourm    .   c - +0 shield
rNeg     . . .     Faith    .   b - +0 scale mail
rPois    +         Spirit   .   (no helmet)
rElec    +         Reflect  .   (no cloak)
rCorr    +         Harm     .   (no gloves)
MR       .....                  (no boots)
Stlth    ..........             (no amulet)
HPRegen  0.10/turn              (no ring)
MPRegen  0.08/turn              (no ring)

@: lethally poisoned (0 -> -2), resistant, slow
A: +LOS, swims, slowness 1, strong legs 1
a: Hop


You were on level 2 of the Dungeon.
You were not hungry.

You visited 1 branch of the dungeon, and saw 2 of its levels.

Inventory:

Hand Weapons
 a - a +0 long sword (weapon)
Armour
 b - a +0 scale mail (worn)
 c - a +0 shield (worn)
Scrolls
 g - a scroll of identify {unknown}
 i - a scroll of fear {unknown}
Potions
 d - a potion of might
Comestibles
 f - 2 rations


   Skills:
 + Level 4.0 Fighting
 + Level 3.2 Long Blades
 + Level 4.3 Armour
 + Level 0.3 Dodging
 + Level 3.7 Shields


You had 2 spell levels left.
You didn't know any spells.

Dungeon Overview and Level Annotations

Branches:
Dungeon (1/15)

Altars:


Innate Abilities, Weirdness & Mutations

Shadows flee at your approach. (+LOS)
You can swim through water.
You cover ground slowly.
You can hop short distances.


Message History

* * * LOW HITPOINT WARNING * * *
You feel sick. You block the goblin's attack.
You hit the goblin.
You kill the goblin!
It was a potion of resistance.
You feel protected. The frilled lizard barely misses you.
You riposte.
You miss the frilled lizard. You barely miss the frilled lizard.
The frilled lizard bites you but does no damage.
The frilled lizard closely misses you.
You miss the frilled lizard.
* * * LOW HITPOINT WARNING * * *
You feel sick.
The frilled lizard bites you but does no damage.
You barely miss the frilled lizard. You block the frilled lizard's attack.
The frilled lizard closely misses you.
Your shield prevents you from hitting the frilled lizard.
You block the frilled lizard's attack.
You miss the frilled lizard.
You die...

. .## ..# .# #.#
#.# g## #.# #.#
... #.# ###.# ..##
#.# #.... ... #.#
#.#.# .S #@# #.#.#
.# # #l#
#.#.##.#.#
#.######.#.#....#
#...†l.......#..#
#..#####.#........
#..# #.###.##.##
#..# #K# #.# #
#..# ... ... ...#
.## #g##


You could see a frilled lizard.

Vanquished Creatures
  2 adders (D:2)
  An ooze (D:2)
  3 dart slugs (D:1)
  4 bats (D:1)
  A giant cockroach (D:2)
  5 goblins
  3 hobgoblins
  2 ball pythons
  A frilled lizard (D:1)
  A kobold (D:2)
  2 rats
25 creatures vanquished.

Notes
Turn   | Place    | Note
-------+----------+-------------------------------------------
     0 | D:1      | Kairos the Barachi Fighter began the quest for the Orb.
     0 | D:1      | Reached XP level 1. HP: 18/18 MP: 1/1
   113 | D:1      | Reached XP level 2. HP: 25/25 MP: 2/2
   337 | D:1      | You fall through a shaft!
   366 | D:2      | Reached XP level 3. HP: 16/30 MP: 3/3
   395 | D:2      | HP: 1/30 [poisoned by an adder]
   402 | D:2      | Succumbed to an adder's poison

Vault maps used:
D:1:      roderic_octagonal_star, minmay_fountain_box
D:2:      nemelex_xobeh_ov_fountains_minmay, first_ration,
          minmay_misc_feat_four_crosses

Skill      XL: |  1  2  3 |
---------------+----------+-----
Armour         | 4 |  4.3
Long Blades    | 3 |  3.2
Fighting       | 4 |  4.0
Dodging        | |  0.3
Shields        | |  3.7

Action                   || total
-------------------------++-------
Melee: Long sword        ||   104
  Use: Potion            ||     2
Armor: Scale mail        ||    65
Dodge: Dodged            ||    35
Block: Shield            ||    57
       Rpst.: Long sword ||    13

Table legend:
 A = Spawn XP
 B = Non-spawn XP
 C = Spawn XP percentage of total XP
 D = Spawn monster count
 E = Non-spawn monster count
 F = Spawn count percentage of total count
 G = Total turns spent on level
                    A         B        C        D         E        F      G
               +---------+---------+-------+---------+---------+-------+---------
         Total |       0 |      77 |   0.0 |       0 |      25 |   0.0 |   402
               +---------+---------+-------+---------+---------+-------+---------
           D:1 |       0 |      30 |   0.0 |       0 |      14 |   0.0 |   337
           D:2 |       0 |      47 |   0.0 |       0 |      11 |   0.0 |    65
               +---------+---------+-------+---------+---------+-------+---------
